 Dungeon Crawl Stone Soup version 0.20-a0-936-gaf809b6 (webtiles) character file.

1391 Rrauwl the Skirmisher (level 8, -3/74 HPs)
             Began as a Minotaur Berserker on Mar 30, 2017.
             Was a Priest of Trog.
             Slain by an unseen horror (11 damage)
             ... on level 5 of the Dungeon.
             The game lasted 00:15:21 (3960 turns).

Rrauwl the Skirmisher (Minotaur Berserker)          Turns: 3960, Time: 00:15:21

Health: -3/74      AC:  5    Str: 23    XL:     8   Next: 40%
Magic:  7/7        EV: 14    Int:  4    God:    Trog [***...]
Gold:   372        SH:  0    Dex: 11    Spells: 7/7 levels left

rFire    . . .     SeeInvis .   a - +1 hand axe
rCold    . . .     Gourm    .   (no shield)
rNeg     . . .     Faith    .   b - +0 animal skin
rPois    +         Spirit   .   (helmet restricted)
rElec    .         Reflect  .   o - +2 cloak
rCorr    .         Harm     .   (no gloves)
MR       .....     Clarity  +   (no boots)
Stlth    +.........             (no amulet)
Regen    0.3/turn               (no ring)
MPRegen  0.1/turn               (no ring)

@: exhausted, slowed, very slow
A: retaliatory headbutt, claws 1, horns 2, clarity, high mp 1, poison resistance
a: Berserk, Trog's Hand, Burn Spellbooks, Renounce Religion


You were on level 5 of the Dungeon.
You worshipped Trog.
Trog was most pleased with you.
You were very hungry.

You visited 1 branch of the dungeon, and saw 5 of its levels.

You collected 372 gold pieces.

Inventory:

Hand Weapons
 a - a +1 hand axe (weapon)
Missiles
 v - 2 exploding tomahawks (quivered)
Armour
 b - a +0 animal skin (worn)
 o - a +2 cloak (worn)
Wands
 m - a wand of lightning (3/15)
 s - a wand of acid (9/15)
Scrolls
 d - 4 scrolls of teleportation
 f - a scroll of immolation
 g - 7 scrolls of identify
 h - 2 scrolls of fog
 p - 5 scrolls of enchant armour
 r - 2 scrolls of remove curse
Potions
 l - 5 potions of heal wounds
 n - 2 potions of might
 w - a potion of flight
 x - a potion of curing
 z - a potion of mutation
Comestibles
 c - 4 bread rations
 j - 4 meat rations
 k - 19 fruits


   Skills:
 + Level 7.8 Fighting
 + Level 7.8 Axes
 - Level 6.1 Armour
 - Level 5.0 Dodging


You had 7 spell levels left.
You didn't know any spells.

Dungeon Overview and Level Annotations

Branches:
Dungeon (5/15)
 Temple: D:4-7

Altars:
Ashenzari
Gozag
Nemelex Xobeh
Qazlal
Trog
Uskayaw
Xom
Zin


Innate Abilities, Weirdness & Mutations

You reflexively headbutt those who attack you in melee.
You have a pair of horns on your head.
You have sharp fingernails.
You possess an exceptional clarity of mind.
You have an increased reservoir of magic. (+10% MP)
Your system is resistant to poisons. (rPois)


Message History

Something hits you! x2
You closely miss something. Something hits you. Something barely misses you.
You feel a strong urge to attack something.
Something hits you.
You closely miss something. Something hits you.
* * * LOW HITPOINT WARNING * * *
Something hits you but does no damage.
You hit something. You headbutt something!
Something hits you but does no damage.
You closely miss something. Your headbutt misses something.
You are no longer berserk.
You are exhausted.
You feel yourself slow down. Something barely misses you. Something hits you!
* * * LOW HITPOINT WARNING * * *
Something hits you.
* * * LOW HITPOINT WARNING * * *
Something hits you!
You die...

##.#.# #.# #<# .....#
#.###########.#
.#.###
#......)...##.# .#.#
##########(##.# .#.#
#.##.## ## .#.#
##.#.#.#####. ##.#
#..)###...... #.#
##########.#.#.######
#.#
#...@...#..........##
#.#
#.#####.#.###.###....
#.# #. #.#.# #.#
#..## #. #.#.# #.#
#..# #. #.#.# #.#
#..# #.
#.#.###.###..# #.
#.#.##...##..# #.
#.#....#...<.#
#.####...##.##


There were no monsters in sight!

Vanquished Creatures
  The ghost of Oki the Cleaver, a novice HOFi (D:5)
  2 ice beasts
  3 ogres
  A centaur (D:5)
  A scorpion (D:4)
  A crimson imp (D:5)
  A quasit (D:5)
  A jelly (D:5)
  3 orc wizards (D:5)
  Ijyb (D:5)
  2 iguanas
  2 worker ants
  3 gnolls (D:5)
  7 adders
  A shadow imp (D:5)
  An ooze (D:3)
  3 worms (D:3)
  A dart slug (D:5)
  7 leopard geckos
  14 orcs
  4 bats
  4 giant cockroaches
  9 goblins
  8 hobgoblins
  3 quokkas
  A ball python (D:3)
  3 frilled lizards
  11 kobolds
  10 rats
109 creatures vanquished.

Vanquished Creatures (others)
  A kobold (D:3)
1 creature vanquished.

Grand Total: 110 creatures vanquished

Notes
Turn   | Place    | Note
-------+----------+-------------------------------------------
     0 | D:1      | Rrauwl the Minotaur Berserker began the quest for the Orb.
     0 | D:1      | Reached XP level 1. HP: 19/19 MP: 0/0
   377 | D:1      | Reached XP level 2. HP: 27/27 MP: 1/1
   812 | D:2      | Reached ** piety under Trog
   815 | D:2      | Reached XP level 3. HP: 33/33 MP: 2/2
  1174 | D:2      | Found a stormy altar of Qazlal.
  1313 | D:2      | Found a glowing silver altar of Zin.
  1487 | D:3      | Reached XP level 4. HP: 38/41 MP: 3/3
  1568 | D:3      | Found a faded altar of an unknown god.
  2181 | D:3      | Reached XP level 5. HP: 47/47 MP: 4/4
  2460 | D:3      | Gained mutation: You possess an exceptional clarity of mind. [potion of mutation]
  2460 | D:3      | Gained mutation: You have an increased reservoir of magic. (+10% MP) [potion of mutation]
  2460 | D:3      | Gained mutation: Your system is resistant to poisons. (rPois) [potion of mutation]
  2460 | D:3      | Gained mutation: You have sharp fingernails. [potion of mutation]
  2574 | D:4      | Noticed an ogre
  2575 | D:4      | Noticed an ogre
  2580 | D:4      | Killed an ogre
  2580 | D:4      | Reached skill level 5 in Fighting
  2580 | D:4      | Reached skill level 5 in Axes
  2585 | D:4      | Killed an ogre
  2585 | D:4      | Reached XP level 6. HP: 52/56 MP: 5/5
  2587 | D:4      | Reached *** piety under Trog
  2684 | D:4      | Found a bloodstained altar of Trog.
  2803 | D:4      | Noticed an ice beast
  2815 | D:4      | Killed an ice beast
  2815 | D:4      | Reached skill level 5 in Armour
  2850 | D:4      | Found a sparkling altar of Nemelex Xobeh.
  2857 | D:4      | Reached XP level 7. HP: 57/62 MP: 6/6
  2909 | D:4      | Found an opulent altar of Gozag.
  3114 | D:4      | Found a hide-covered altar of Uskayaw.
  3133 | D:5      | Entered Level 5 of the Dungeon
  3149 | D:5      | Noticed Oki's ghost (novice HOFi)
  3160 | D:5      | Killed Oki's ghost
  3411 | D:5      | Reached XP level 8. HP: 52/73 MP: 7/7
  3417 | D:5      | Found a shimmering altar of Xom.
  3540 | D:5      | Found a bloodstained altar of Trog.
  3540 | D:5      | Found a shattered altar of Ashenzari.
  3742 | D:5      | Reached skill level 5 in Dodging
  3767 | D:5      | Noticed Ijyb
  3778 | D:5      | Killed Ijyb
  3960 | D:5      | Slain by an unseen horror

Vault maps used:
D:1:      minmay_arrival_doors
D:2:      zin_scriptorium, nicolae_overflow_hidden_temple, first_bread
D:3:      minmay_wonky_spiral, chequers_ecumenical_altar_twisty, st_stairs_4,
          dk_vineyard_1
D:4:      kennysheep_mini_moat, grunt_gozag_breadcrumbs,
          nemelex_xobeh_ov_fountains_minmay, bloody_trog
D:5:      nicolae_overflow_crystal_walls, gammafunk_temple_overflow_wave,
          uniq_iyjb

Skill      XL: |  1  2  3  4  5  6  7  8 |
---------------+-------------------------+-----
Axes           | 4 5 7 |  7.8
Armour         | 3 4 5 6 |  6.1
Fighting       | 4 5 7 |  7.8
Dodging        | 3 4 5 |  5.0

Action                   |  1- 3 |  4- 6 |  7- 9 || total
-------------------------+-------+-------+-------++-------
Melee: Hand axe          |    71 |    83 |   107 ||   261
       Headbutt          |    12 |    22 |    22 ||    56
Invok: Trog's Hand       |       |     2 |     3 ||     5
       Berserk           |       |     2 |     4 ||     6
       Burn Spellbooks   |       |       |     1 ||     1
  Use: Scroll            |     2 |     2 |     8 ||    12
       Potion            |       |     5 |     1 ||     6
 Stab: Sleeping          |       |     2 |       ||     2
  Eat: Chunk             |     2 |     7 |     5 ||    14
       Royal jelly       |       |       |     1 ||     1
Armor: Animal skin       |    16 |     9 |    22 ||    47
Dodge: Dodged            |    62 |    46 |    56 ||   164
